 Dungeon Crawl Stone Soup version 0.16-a0-3394-g83d1dde (console) character file.

156 MarvinPA the Insei (level 5, 0/39 HPs)
             Began as an Octopode Transmuter on Dec 30, 2014.
             Slain by a gnoll
             ... wielding a +0 halberd
              (6 damage)
             ... on level 5 of the Dungeon.
             The game lasted 00:05:31 (2218 turns).

MarvinPA the Insei (Octopode Transmuter)            Turns: 2218, Time: 00:05:31

Health: 0/39       AC:  1    Str:  7    XL:     5   Next: 38%
Magic:  8/9        EV: 13    Int: 17    God:
Gold:   114        SH:  0    Dex: 18    Spells: 3 memorised, 2 levels left

rFire  . . .     SeeInvis .       - Unarmed
rCold  . . .     Clarity  .     (no shield)
rNeg   . . .     SustAb   .     (helmet restricted)
rPois  .         Gourm    .     (no amulet)
rElec  .         Spirit   .     r - +6 ring of dexterity
rCorr  .         Warding  .     (no ring)
rMut   .         Stasis   .     (no ring)
MR     .....                    (no ring)
Stlth  +++.......               (no ring)
                                (no ring)
                                (no ring)
                                (no ring)

@: not resistant to hostile enchantments, fairly stealthy
A: almost no armour, amphibious, 8 rings, constrict 8, camouflage 1, robust 1,
spit poison 1, weak 1, gelatinous body 1
a: Spit Poison


You were on level 5 of the Dungeon.
You were hungry.

You visited 1 branch of the dungeon, and saw 5 of its levels.

You collected 114 gold pieces.


Innate Abilities, Weirdness & Mutations

You cannot wear most types of armour.
You are amphibious.
You can wear up to eight rings at the same time.
You can use your tentacles to constrict many enemies at once.
Your skin changes colour to match your surroundings (Stealth).
Your rubbery body absorbs attacks (AC +1).
You are robust (+10% HP).
You can spit poison.
You are weak. (Str -2)


   Skills:
 + Level 3.5 Fighting
 - Level 2.0 Dodging
 + Level 4.6 Unarmed Combat
 - Level 2.0 Spellcasting
 - Level 2.0 Transmutations


You had 2 spell levels left.
You knew the following spells:

 Your Spells              Type           Power        Failure   Level  Hunger
x - Spider Form           Trmt/Pois      #.........   38%         3    ###....
z - Beastly Appendage     Trmt           #.....       10%         1    #......
Z - Sticks to Snakes      Trmt           #.........   14%         2    ###....

Inventory:

Missiles
 b - 24 arrows
 j - 4 needles of confusion
 s - 17 arrows of frost
Jewellery
 r - a +6 ring of dexterity (left tentacle)
Scrolls
 e - 3 scrolls of remove curse {unknown}
 g - a scroll of identify {unknown}
 i - a scroll of teleportation {unknown}
 l - 3 scrolls of immolation {unknown}
 q - 3 scrolls of enchant weapon {unknown}
Potions
 k - a potion of mutation {!q}
 m - a potion of haste {unknown}
 o - a potion of lignification {unknown}
 p - a potion of cancellation {unknown}
Books
 d - a book of Changes
Comestibles
 a - 3 bread rations
 c - 2 chunks of flesh {@w1}
 f - 3 fruits
 h - a meat ration
 n - 2 beef jerkies

Dungeon Overview and Level Annotations

Branches:
Dungeon (5/15)
 Temple: D:4-7

Altars:
The Shining One

Annotations:
D:3 Grinder
D:4 Eustachio

#.# #.........# ## #.#
#.#######.# ..## #.#
####.# #.# ...#
##.####.##.##### #.#
#..###...##.........# #.#
#..##...........###.# #.#
#...............# #.# #.#
##.####.##......###.###.#
##.# #.###...#)x.g.....#
...# #.# ##.######.#####
#### #+# ### #.# ...# #.#
...# ###.# #..# ##.#)##
#..... #.....# ......
+....#...^...... #....
#### #.#.######


You could see a gnoll.


Message History

You hit the gnoll.
The gnoll is poisoned.
The gnoll is heavily wounded.
The gnoll completely misses you. The gnoll hits you.
* * * LOW HITPOINT WARNING * * *
You are feeling hungry.
You barely miss the gnoll. The gnoll closely misses you.
You bite the gnoll!
You kill the gnoll!
The gnoll closely misses you.
You hit the gnoll but do no damage.
The gnoll is poisoned.
The gnoll barely misses you.
You hit the gnoll.
The gnoll is heavily wounded.
The gnoll barely misses you.
You hit the gnoll.
The gnoll looks even sicker.
The gnoll is almost dead.
You kill the gnoll!
The gnoll hits you from afar with a halberd!
* * * LOW HITPOINT WARNING * * *
Your transformation has ended.
Drink which item? (? for menu, Esc to quit)
Okay, then.
Here: a gnoll, wielding a halberd The floor.
Drink which item? (? for menu, Esc to quit)
It was a potion of mutation.
You feel extremely strange.
You feel weaker.
You feel robust.
There is a nasty taste in your mouth for a moment.
The gnoll hits you from afar with a halberd.
You die...

Action                   |  1- 3 |  4- 6 || total
-------------------------+-------+-------++-------
Melee: Unarmed           |    75 |    71 ||   146
 Cast: Beastly Appendage |    13 |       ||    13
       Spider Form       |     1 |    11 ||    12
 Abil: End Transformatio |     1 |     1 ||     2
  Use: Potion            |     2 |     1 ||     3
 Stab: Sleeping          |     6 |     3 ||     9
  Eat: Chunk             |     1 |     5 ||     6

Vault maps used:
D:1:      scummos_arrival_simple_fountains
D:2:      nicolae_overflow_crystal_walls, first_bread, serial_bayou,
          serial_bayou_pond_e, serial_bayou_pond_d, serial_bayou_lagoon_a,
          serial_bayou_ford_a, minmay_misc_feat_tower
D:3:      uniq_grinder, uniq_jessica
D:4:      minmay_temple_entry_statues, minmay_bad_closet, uniq_pikel,
          uniq_eustachio, uniq_iyjb
D:5:      portal_sewer_entry_f, hangedman_decor_slide_cut

Notes
Turn   | Place    | Note
--------------------------------------------------------------
     0 | D:1      | MarvinPA, the Octopode Transmuter, began the quest for the Orb.
     0 | D:1      | Reached XP level 1. HP: 13/13 MP: 3/3
   297 | D:1      | Reached XP level 2. HP: 6/19 MP: 2/4
   298 | D:1      | Identified a potion of resistance
   480 | D:1      | Reached skill level 2 in Fighting
   596 | D:1      | Reached XP level 3. HP: 22/24 MP: 4/6
   623 | D:1      | Learned a level 2 spell: Sticks to Snakes
   627 | D:1      | Learned a level 3 spell: Spider Form
  1059 | D:2      | Found a glowing golden altar of the Shining One.
  1155 | D:2      | Reached skill level 4 in Unarmed Combat
  1160 | D:2      | Reached XP level 4. HP: 22/30 MP: 7/7
  1654 | D:3      | Noticed an orc warrior
  1844 | D:3      | Reached skill level 3 in Fighting
  1921 | D:3      | Noticed Jessica
  1927 | D:3      | Killed Jessica
  1927 | D:3      | Reached XP level 5. HP: 25/36 MP: 6/9
  2006 | D:3      | Noticed Grinder
  2069 | D:3      | Paralysed by Grinder for 6 turns
  2076 | D:4      | Noticed a slave
  2076 | D:4      | Noticed a slave
  2076 | D:4      | Noticed a slave
  2083 | D:4      | Noticed a slave
  2085 | D:4      | Noticed Eustachio
  2092 | D:5      | Entered Level 5 of the Dungeon
  2100 | D:5      | Killed a slave
  2218 | D:5      | Gained mutation: You are weak. (Str -2) [potion of mutation]
  2218 | D:5      | Gained mutation: You are robust (+10% HP). [potion of mutation]
  2218 | D:5      | Gained mutation: You can spit poison. [potion of mutation]
  2218 | D:5      | Slain by a gnoll

Vanquished Creatures
  A slave (D:5)
  Jessica (D:3)
  4 adders
  4 gnolls
  A giant mite (D:1)
  A worm (D:2)
  2 giant geckos (D:1)
  2 oozes
  An orc (D:2)
  A ball python (D:1)
  3 giant cockroaches
  5 goblins
  2 hobgoblins
  3 jackals (D:3)
  9 bats
  4 giant newts
  4 kobolds
  10 rats
58 creatures vanquished.
